Map: Backwater LE

Players

ILIEKEGGPIE - Winner!

  • Race: Protoss Protoss
  • League: Platinum
  • Spawn Location: 11:00

Vinthy

  • Race: Protoss Protoss
  • League: Gold
  • Spawn Location: 5:00

VOD

Have the link to the VOD?

Description

Time

  • Played on: April 24, 2018, 3:19 p.m.
  • Length: 6:22
Show
View Real Time Build Order
Export as new Build Order

ILIEKEGGPIE Protoss - Winner!

Build Orders:  

Get SALT Encoding   

  12  0:02  Probe  
  14  0:14  Probe  
  14  0:18  Pylon  
  14  0:26  Probe  
  15  0:37  Gateway  
  15  0:42  Probe  
  16  0:47  Assimilator  
  16  0:55  Assimilator  
  16  1:01  Pylon  
  16  1:03  Probe  
  17  1:13  Probe  
  18  1:21  Probe  
  19  1:26  Cybernetics Core  
  19  1:29  Probe  
  19  1:37  Probe  
  21  1:47  Gateway  
  21  1:55  Stalker  
  21  1:56  Probe  
  22  2:08  Probe  
  25  2:09  Warp Gate  
  25  2:27  Stalker  
  27  2:37  Stalker, Pylon  
  29  3:00  Shield Battery  
  29  3:05  Stargate  
  29  3:06  Stalker  
  31  3:38  Stalker  
  31  3:39  Stalker  
  31  3:40  Void Ray  
  35  3:48  Gateway  
  39  4:00  Shield Battery  
  39  4:36  Pylon  
  39  4:47  Pylon  
  37  4:55  Void Ray  
  37  5:07  Stalker  
  37  5:08  Stalker x2  
  43  5:17  Shield Battery  
  43  5:21  Shield Battery  
  43  5:30  Shield Battery  
  43  5:32  Stalker x3  
  49  5:56  Adept x3  
  55  6:01  Pylon  
Show
View Real Time Build Order
Export as new Build Order

Vinthy Protoss 

Build Orders:  

Get SALT Encoding   

  12  0:00  Probe  
  13  0:13  Probe  
  14  0:19  Pylon  
  14  0:25  Probe  
  15  0:39  Gateway  
  15  0:46  Probe  
  15  0:47  Gateway  
  15  0:54  Probe  
  16  1:00  Assimilator  
  17  1:04  Probe  
  18  1:11  Assimilator  
  18  1:20  Probe  
  18  1:21  Pylon  
  19  1:32  Cybernetics Core  
  19  1:35  Probe  
  20  1:48  Probe  
  20  1:50  Warp Gate  
  21  2:00  Probe  
  22  2:27  Robotics Facility  
  22  2:33  Probe  
  23  2:40  Stalker  
  25  3:01  Stalker  
  26  3:07  Stalker  
  28  3:28  Shield Battery  
  28  3:35  Pylon  
  28  3:39  Stalker  
  30  3:48  Immortal  
  30  3:52  Stalker  
  36  3:56  Pylon  
  36  4:10  Gateway  
  36  4:11  Gateway  
  36  4:20  Probe  
  37  4:32  Probe  
  37  4:36  Immortal  
  42  4:42  Stalker  
  42  4:43  Stalker  
  36  5:08  Stalker x2  
  36  5:09  Stalker  
  36  5:14  Stalker  
  44  5:32  Stalker  
  46  5:39  Pylon  
  46  5:42  Twilight Council  
  46  6:01  Stalker  
  49  6:14  Stalker  
Tags
 
Matchup
PvP
Replay Pack
Multi
Spawn Locations
Cross Positions
Add a new tag
Caveats
  • Supply blocks, unpowered buildings, or Contaminate may cause inaccurate times.
  • Supply counts are checked every 10 seconds.